 Dungeon Crawl Stone Soup version 0.27-a0-1071-ga85bd9520d (webtiles) character file.

Game seed: 7207774603688902613

56 Anon1729 the Skirmisher (level 3, -2/29 HPs)
             Began as a Demonspawn Monk on Apr 24, 2021.
             Was a Believer of Kikubaaqudgha.
             Succumbed to a scorpion's poison
             ... on level 2 of the Dungeon.
             The game lasted 00:01:24 (1557 turns).

Anon1729 the Skirmisher (Demonspawn Monk)           Turns: 1557, Time: 00:01:24

Health: -2/29      AC:  2    Str: 12    XL:     3   Next: 69%
Magic:  3/3        EV: 15    Int: 11    God:    Kikubaaqudgha [**....]
Gold:   23         SH:  0    Dex: 15    Spells: 2/2 levels left

rFire    . . .     SeeInvis .     - Unarmed
rCold    . . .     Faith    .   (no shield)
rNeg     . . .     Spirit   .   a - +0 robe
rPois    .         Reflect  .   (no helmet)
rElec    .         Harm     .   (no cloak)
rCorr    .         Rampage  .   (no gloves)
Will     .....                  (no boots)
Stlth    ++........             (no amulet)
HPRegen  0.09/turn              (no ring)
MPRegen  0.08/turn              (no ring)

@: lethally poisoned (-2 -> -36)
A: repulsion field 1
a: Renounce Religion, Receive Corpses


You were on level 2 of the Dungeon.
You worshipped Kikubaaqudgha.
Kikubaaqudgha was pleased with you.
You visited 1 branch of the dungeon, and saw 2 of its levels.

You collected 23 gold pieces.

Inventory:

Missiles
 d - 4 atropa-tipped darts (quivered)
Armour
 a - a +0 robe (worn)
Jewellery
 c - a ring of poison resistance
 e - a ring of ice
 g - an amulet of regeneration
Scrolls
 b - a scroll of vulnerability {unknown}
Potions
 f - a potion of lignification {unknown}


   Skills:
 + Level 3.4 Fighting
 + Level 3.1 Dodging
 - Level 2.1 Stealth
 * Level 3.3 Unarmed Combat


You had 2 spell levels left.
You didn't know any spells.
Your spell library contained the following spells:

 Spells                   Type           Power      Damage    Failure   Level
 Pain                     Necr           0%         1d4       34%         1
 Corpse Rot               Necr/Air       N/A        N/A       47%         2
 Sublimation of Blood     Necr           0%         N/A       47%         2
 Vampiric Draining        Necr           0%         2d6       71%         3


Dungeon Overview and Level Annotations

Branches:
Dungeon (2/15)

Altars:
Kikubaaqudgha


Innate Abilities, Weirdness & Mutations

You are surrounded by a mild repulsion field. (EV +2)


Message History

You hit the adder.
The adder is severely wounded.
The adder barely misses you.
You hit the adder.
You kill the adder!
Kikubaaqudgha accepts your kill.
You completely miss the scorpion. The scorpion closely misses you.
You hit the scorpion but do no damage. The scorpion stings you.
You hit the scorpion.
The scorpion is moderately wounded.
The scorpion stings you.
You are poisoned.
The scorpion poisons you!
You barely miss the scorpion.
The scorpion is moderately wounded.
You feel very sick. The scorpion stings you.
You are lethally poisoned!
The scorpion poisons you! The scorpion stings you.
* * * LOW HITPOINT WARNING * * *
You are more poisoned.
The scorpion poisons you!
You are too injured to fight recklessly!
You are too injured to fight recklessly!
You are too injured to fight recklessly!
You are too injured to fight recklessly!
You are too injured to fight recklessly!
You are too injured to fight recklessly!
You are too injured to fight recklessly!
You are too injured to fight recklessly!
You are too injured to fight recklessly!
You are too injured to fight recklessly!
You are too injured to fight recklessly!
You are too injured to fight recklessly!
You are too injured to fight recklessly!
You are too injured to fight recklessly!
You hit the scorpion but do no damage.
The scorpion is moderately wounded.
You die...
Kikubaaqudgha rasps: "You have failed me!
Welcome... death!"

.......# #.###.........#
........ #...#.####....#
......# #....###..####
.....## .#..#...##
##....#####..##...###
##...#.......####...####
####........................
..........?.######...#.#####
.........##..s@........#
.........#########.###>..#
.........# #.# ##...
.......... #.# .##
..........# #.# .
........... ... K.........#.
..# ##


You could see a scorpion.

Vanquished Creatures
  2 adders
  A gnoll (D:1)
  2 dart slugs (D:1)
  3 ball pythons
  3 bats (D:1)
  3 endoplasms (D:1)
  A giant cockroach (D:1)
  3 hobgoblins
  A quokka (D:1)
  A frilled lizard (D:1)
  4 rats (D:1)
24 creatures vanquished.

Notes
Turn   | Place    | Note
-------+----------+-------------------------------------------
     0 | D:1      | Anon1729 the Demonspawn Monk began the quest for the Orb.
     0 | D:1      | Reached XP level 1. HP: 18/18 MP: 1/1
   374 | D:1      | Gained mutation: You are surrounded by a mild repulsion
                  | field. (EV +2) [demonic ancestry]
   374 | D:1      | Reached XP level 2. HP: 12/24 MP: 2/2
   524 | D:1      | Found a faded altar of an unknown god.
   938 | D:1      | Reached XP level 3. HP: 29/29 MP: 3/3
  1214 | D:1      | Became a worshipper of Kikubaaqudgha
  1214 | D:1      | Reached * piety under Kikubaaqudgha
  1214 | D:1      | Identified Kikubaaqudgha's Almanac of Black Secrets
                  | (Kikubaaqudgha gifted it to you on level 1 of the Dungeon)
  1214 | D:1      | Received a gift from Kikubaaqudgha
  1214 | D:1      | Reached ** piety under Kikubaaqudgha
  1536 | D:2      | Noticed a scorpion
  1557 | D:2      | Succumbed to a scorpion's poison

Illustrated notes

Levels and vault maps discovered:
D:1:      dpeg_arrival_castle, layout_loops_ring, ebering_ecumenical_altar_mist
D:2:      layout_rooms, hangedman_decor_diamond_cutter, minmay_rat_gold_closets

Skill      XL: |  1  2 |
---------------+-------+-----
Stealth        | 2 |  2.1
Dodging        | 3 |  3.1
Unarmed Combat | 3 |  3.3
Fighting       | |  3.4

Action                   || total
-------------------------++-------
Melee: Unarmed           ||   106
       Punch             ||     2
 Stab: Sleeping          ||     4
Armor: Robe              ||     5
Dodge: Dodged            ||    77

Table legend: (Time is in decaauts)
 A = Elapsed time spent in this place.
 B = Non-inter-level travel time spent in this place.
 C = Inter-level travel time spent in this place.
 D = Time resting spent in this place.
 E = Time spent auto-exploring this place.
 F = Levels seen in this place.
 G = Mean time per level.
                   A        B        C        D        E       F      G
               +--------+--------+--------+--------+--------+-----+--------+
         Total |   1555 |   1539 |     16 |    337 |    979 |   2 |  777.5 |
       Dungeon |   1555 |   1539 |     16 |    337 |    979 |   2 |  777.5 |
               +--------+--------+--------+--------+--------+-----+--------+

Top non-repeatable levels by time:
     D:1: 1439 daAuts
     D:2: 116 daAuts
